 Dungeon Crawl Stone Soup version 0.20.0-15-g7f486f2 (webtiles) character file.

1232 panicbit the Chopper (level 8, 0/69 HPs)
             Began as a Minotaur Fighter on June 26, 2017.
             Slain by an orc warrior
             ... wielding a +0 hand axe
              (13 damage)
             ... on level 6 of the Dungeon.
             The game lasted 00:23:36 (4282 turns).

panicbit the Chopper (Minotaur Fighter)             Turns: 4282, Time: 00:23:36

Health: 0/69       AC: 12    Str: 23    XL:     8   Next: 24%
Magic:  7/7        EV:  7    Int:  5    God:
Gold:   338        SH: 11    Dex: 10    Spells: 7/7 levels left

rFire    x . .     SeeInvis .   b - +0 war axe
rCold    + . .     Gourm    .   C - +0 shield
rNeg     . . .     Faith    .   y - +0 chain mail
rPois    +         Spirit   .   (helmet restricted)
rElec    .         Reflect  .   w - +1 cloak
rCorr    .         Harm     .   (no gloves)
MR       .....                  (no boots)
Stlth    ..........             c - amulet of regeneration
Regen    0.7/turn               m - ring of poison resistance
MPRegen  0.1/turn               q - ring of ice

@: no status effects
A: retaliatory headbutt, horns 2
a: no special abilities


You were on level 6 of the Dungeon.
You were not hungry.

You visited 1 branch of the dungeon, and saw 6 of its levels.

You collected 338 gold pieces.

Inventory:

Hand Weapons
 b - a +0 war axe (weapon)
 x - a +0 mace
 J - a +1 dire flail
Armour
 w - a +1 cloak (worn)
 y - a +0 chain mail (worn)
 C - a +0 shield (worn)
 G - the +2 ratskin cloak {+Rats rPois rN+ Str-1 Int-1 Dex+1}
   (You found it on level 6 of the Dungeon)

   It affects your strength (-1).
   It affects your intelligence (-1).
   It affects your dexterity (+1).
   It protects you from poison.
   It protects you from negative energy.
Jewellery
 c - an amulet of regeneration (around neck)
 m - a ring of poison resistance (left hand)
 q - a ring of ice (right hand)
Wands
 H - a wand of lightning (10/15)
Scrolls
 e - 9 scrolls of identify
 h - 2 scrolls of enchant armour {unknown}
 j - 2 scrolls of remove curse
 k - 4 scrolls of teleportation
 n - a scroll of blinking {unknown}
 o - 2 scrolls of immolation {unknown}
 r - a scroll of magic mapping {unknown}
 E - a scroll of enchant weapon {unknown}
Potions
 d - a potion of might
 g - 2 potions of lignification {unknown}
 i - 3 potions of curing
 l - 2 potions of agility {unknown}
 s - a potion of haste {unknown}
 t - 5 potions of brilliance {unknown}
 u - a potion of flight {unknown}
 z - a potion of cancellation {unknown}
 B - a potion of heal wounds {unknown}
 D - a potion of resistance {unknown}
 F - a potion of magic {unknown}
Comestibles
 f - 6 bread rations
 p - a meat ration
 v - 2 royal jellies
 A - 3 fruits
 I - 4 chunks of flesh


   Skills:
 + Level 5.6 Fighting
 + Level 7.3 Axes
 + Level 6.5 Armour
 + Level 2.2 Dodging
 + Level 7.1 Shields


You had 7 spell levels left.
You didn't know any spells.

Dungeon Overview and Level Annotations

Branches:
Dungeon (6/15)
 Temple: D:4-7

Altars:
Ashenzari
Cheibriados
Qazlal
Sif Muna
Xom
The Shining One


Innate Abilities, Weirdness & Mutations

You reflexively headbutt those who attack you in melee.
You have a pair of horns on your head.


Message History

The orc warrior is almost dead.
You block the orc warrior's attack. The orc closely misses you.
You closely miss the orc warrior. Your headbutt misses the orc warrior.
The orc warrior is almost dead.
The orc warrior hits you but does no damage.
You block the orc's attack.
Your shield and chain mail prevent you from hitting the orc warrior.
Your headbutt misses the orc warrior.
The orc warrior is almost dead.
You block the orc warrior's attack. The orc barely misses you.
You barely miss the orc warrior.
The orc warrior is almost dead.
The orc warrior hits you with a hand axe!
* * * LOW HITPOINT WARNING * * *
The orc hits you from afar with a trident.
* * * LOW HITPOINT WARNING * * *
You barely miss the orc warrior.
The orc warrior is almost dead.
The orc warrior hits you with a hand axe!
You die...

##### .. #...# ...
#...#.... ###
#...#.>.. ....######
##........
....>....####...>.....
........{o@.)....#....
........o#####.......#
.........# #........
#. .#..######
#...)#### #.. ....
######....# ...# .....
#.).>)..### #...
.#....###.####)## #.#.
#......####.# #..≈
#####.......# #..≈


You could see an orc warrior and an orc.

Vanquished Creatures
  Grinder (D:5)
  An orc warrior (D:6)
  A scorpion (D:6)
  5 wights (D:6)
  5 crimson imps
  3 hounds
  Crazy Yiuf (D:2)
  2 orc priests (D:6)
  Jessica (D:2)
  5 worker ants
  9 adders
  2 shadow imps
  An adder zombie (D:6)
  2 worms (D:2)
  3 dart slugs
  A leopard gecko (D:5)
  8 orcs
  6 giant cockroaches
  10 goblins
  6 hobgoblins
  12 jackals
  7 kobolds
  2 quokkas
  A ball python (D:2)
  8 bats
  2 frilled lizards
  8 rats
113 creatures vanquished.

Notes
Turn   | Place    | Note
-------+----------+-------------------------------------------
     0 | D:1      | panicbit the Minotaur Fighter began the quest for the Orb.
     0 | D:1      | Reached XP level 1. HP: 19/19 MP: 0/0
   295 | D:1      | Reached XP level 2. HP: 24/27 MP: 1/1
   801 | D:2      | Reached XP level 3. HP: 33/33 MP: 2/2
   873 | D:2      | Noticed Jessica
   879 | D:2      | Killed Jessica
   986 | D:2      | Reached XP level 4. HP: 40/40 MP: 3/3
  1400 | D:2      | Found a runed door.
  1456 | D:2      | Found a glowing golden altar of the Shining One.
  1508 | D:2      | Noticed Crazy Yiuf
  1519 | D:2      | Killed Crazy Yiuf
  1820 | D:3      | Reached XP level 5. HP: 46/46 MP: 4/4
  1854 | D:3      | Found a shimmering altar of Xom.
  2071 | D:3      | Reached skill level 5 in Axes
  2099 | D:3      | Reached skill level 5 in Armour
  2099 | D:3      | Reached skill level 5 in Shields
  2099 | D:3      | Reached XP level 6. HP: 53/53 MP: 5/5
  2226 | D:3      | Reached skill level 1 in Dodging
  2259 | D:3      | Found a deep blue altar of Sif Muna.
  2441 | D:4      | Found a stormy altar of Qazlal.
  2639 | D:4      | Found a shattered altar of Ashenzari.
  3234 | D:5      | Entered Level 5 of the Dungeon
  3428 | D:5      | Noticed Grinder
  3435 | D:5      | Paralysed by Grinder for 2 turns
  3447 | D:5      | Paralysed by Grinder for 5 turns
  3476 | D:5      | Killed Grinder
  3476 | D:5      | Reached skill level 5 in Fighting
  3476 | D:5      | Reached XP level 7. HP: 38/61 MP: 6/6
  3972 | D:6      | Found a snail-covered altar of Cheibriados.
  4211 | D:6      | Reached XP level 8. HP: 61/68 MP: 7/7
  4282 | D:6      | Slain by an orc warrior

Skill      XL: |  1  2  3  4  5  6  7  8 |
---------------+-------------------------+-----
Axes           | 3 4 5 6 7 |  7.3
Armour         | 4 5 6 |  6.5
Fighting       | 4 5 |  5.6
Shields        | 4 5 6 7 |  7.1
Dodging        | 1 2 |  2.2

Action                   |  1- 3 |  4- 6 |  7- 9 || total
-------------------------+-------+-------+-------++-------
Melee: War axe           |    68 |   194 |   126 ||   388
       Headbutt          |     9 |    30 |    20 ||    59
  Use: Scroll            |       |       |     3 ||     3
  Eat: Chunk             |       |     9 |     2 ||    11
Armor: Scale mail        |    36 |    23 |       ||    59
       Chain mail        |       |    60 |    70 ||   130
Dodge: Dodged            |    20 |    37 |    47 ||   104
Block: Shield            |    41 |   112 |    77 ||   230
